 Dungeon Crawl Stone Soup version 0.25.1-2-g60ff931df9 (webtiles) character file.

Game seed: 17185477126750178952

23 solopath the Chiller (level 2, -2/19 HPs)
             Began as a Barachi Ice Elementalist on Nov 5, 2020.
             Slain by a gnoll
             ... wielding a +0 club
              (11 damage)
             ... on level 1 of the Dungeon.
             The game lasted 00:01:34 (630 turns).

solopath the Chiller (Barachi Ice Elementalist)      Turns: 630, Time: 00:01:34

Health: -2/19      AC:  2    Str:  9    XL:     2   Next: 95%
Magic:  1/5        EV: 12    Int: 15    God:
Gold:   30         SH:  0    Dex: 12    Spells: 5/6 levels left

rFire    . . .     SeeInvis .   h - +0 dagger
rCold    . . .     Gourm    .   (no shield)
rNeg     . . .     Faith    .   a - +0 robe
rPois    .         Spirit   .   (no helmet)
rElec    .         Reflect  .   (no cloak)
rCorr    .         Harm     .   (no gloves)
MR       .....                  (no boots)
Stlth    ++........             (no amulet)
HPRegen  0.06/turn              (no ring)
MPRegen  0.09/turn              (no ring)

@: slow
A: +LOS, swims, slowness 1, strong legs 1
a: Hop


You were on level 1 of the Dungeon.
You were not hungry.

You visited 1 branch of the dungeon, and saw 1 of its levels.

You collected 30 gold pieces.

Inventory:

Hand Weapons
 h - a +0 dagger (weapon)
Armour
 a - a +0 robe (worn)
Jewellery
 f - a cursed -4 ring of protection {unknown}
Scrolls
 b - 2 scrolls of identify {unknown}
Potions
 e - a potion of lignification {unknown}
Comestibles
 c - a ration
 d - 4 chunks of flesh


   Skills:
 - Level 2.1 Dodging
 + Level 1.9 Stealth
 + Level 2.5 Spellcasting
 * Level 5.5 Ice Magic


You had 5 spell levels left.
You knew the following spells:

 Your Spells              Type           Power        Failure   Level  Hunger
a - Freeze                Ice            ###.         2%          1    #......

Your spell library contained the following spells:

 Spells                   Type           Power        Failure   Level  Hunger
 Frozen Ramparts          Ice            ###...       6%          3    ###....
 Ozocubu's Armour         Chrm/Ice       ##......     21%         3    ###....
 Hailstorm                Conj/Ice       ##......     54%         4    #####..
 Summon Ice Beast         Ice/Summ       ##......     54%         4    #####..


Dungeon Overview and Level Annotations

Branches:
Dungeon (1/15)

Altars:


Innate Abilities, Weirdness & Mutations

You can be seen from farther away. (+LOS)
You can swim through water.
You cover ground slowly.
You can hop short distances.


Message History

The gnoll hits you with a +0 club.
Casting: Freeze (safe; 2% risk of failure)
Confirm with . or Enter, or press ? or * to list all spells.
Aiming: Freeze (safe; 2% risk of failure)
Press: ? - help, Shift-Dir - straight line, f/p - gnoll
Aim: a gnoll, wielding a +0 club (lightly wounded)
You freeze the gnoll!
The gnoll is severely wounded.
A kobold comes into view.
The gnoll hits you with a +0 club.
Casting: Freeze (safe; 2% risk of failure)
Confirm with . or Enter, or press ? or * to list all spells.
Aiming: Freeze (safe; 2% risk of failure)
Press: ? - help, Shift-Dir - straight line, f/p - gnoll
Aim: a gnoll, wielding a +0 club (severely wounded)
You freeze the gnoll.
The gnoll is almost dead.
The gnoll hits you with a +0 club!
Ouch! That really hurt!
You die...

#.............##......#.#
.........))......######.#
...............### #.#
...............# #..
...............# ##..
...............#### #..#
..................# #..#
................#.####...
..#.##.@###............#
..#. ##g.....#.##.####.#
#l####.#.##.#....# #K.
#...##....#.. ...
##........... ...#
###.#........ .#..
............. .. ##
............ ..
#.........


You could see a gnoll, a kobold and a frilled lizard.

Vanquished Creatures
  A leopard gecko (D:1)
  5 bats (D:1)
  A giant cockroach (D:1)
  A hobgoblin (D:1)
  3 jackals (D:1)
  9 frilled lizards (D:1)
  2 kobolds (D:1)
22 creatures vanquished.

Notes
Turn   | Place    | Note
-------+----------+-------------------------------------------
     0 | D:1      | solopath the Barachi Ice Elementalist began the quest for
                  | the Orb.
     0 | D:1      | Reached XP level 1. HP: 13/13 MP: 3/3
    50 | D:1      | Reached skill level 5 in Ice Magic
   149 | D:1      | Reached XP level 2. HP: 13/19 MP: 0/5
   630 | D:1      | Slain by a gnoll

Illustrated notes

Levels and vault maps discovered:
D:1:      sevenhm_arrival_forest_fort_large_2, layout_rooms, minmay_lizard_king

Skill      XL: |  1 |
---------------+----+-----
Ice Magic      | 5 |  5.5
Dodging        | |  2.1
Stealth        | |  1.9
Spellcasting   | |  2.5

Action                   || total
-------------------------++-------
Melee: Mace              ||    21
       Unarmed           ||     1
 Cast: Freeze            ||    27
 Abil: Hop               ||     1
Armor: Robe              ||    17
Dodge: Dodged            ||    36
